Kradschützen Motorcycle Team
Selects Italian Combined Arms Battlegroup
Selects Italian Combined Arms Battlegroup
Selects Italian Combined Arms Battlegroup
Selects Bersaglieri Squad
Construct Light Support Kompanie
Selects Bersaglieri Bolster
Panzerjäger Mechanized Group
Construct Mechanized Kompanie
Selects Breda Model 30 Light Machine Guns
Marder III Tank Destroyer
254 Reconnaissance Tractor
Selects Semovente da 75/18 Assault Gun
Selects Carro Armato M13/40 Light Tank